[Event "Titled Tuesday Blitz November 15 Early 2022"]
[White "Santos Flores, Alberto"]
[Black "Vifleemskaia, Svetlana"]
[WhiteFideId "3601234"]
[BlackFideId "4129490"]
[WhiteElo "2235"]
[BlackElo "1929"]
[Result "1-0"]
[Round "11"]
[TimeControl "180+1"]
[Date "2022.11.16"]
[WhiteClock "0:02:02"]
[BlackClock "0:00:52"]

1. e4 e5 2. Nf3 Nc6 3. Bc4 Nf6 4. d3 Be7 5. O-O O-O 6. Re1 d6 7. c3 a6 8. a4 Na5 9. Ba2 c5 10. Nbd2 b5 11. axb5 Bb7 12. bxa6 Rxa6 13. b4 cxb4 14. cxb4 Nc6 15. b5 Rxa2 16. Rxa2 Nb4 17. Ra3 Qb6 18. Rb3 Qxb5 19. Ba3 d5 20. Qb1 dxe4 21. Bxb4 Bd5 22. Bxe7 Bxb3 23. Bxf8 exf3 24. Qxb3 Qxb3 25. Nxb3 1-0


[Site "https://www.chess.com"]

[Event "Titled Tuesday Blitz November 15 Early 2022"]
[White "Seemann, Jakub"]
[Black "Rohith Krishna S"]
[WhiteFideId "21874697"]
[BlackFideId "46617051"]
[WhiteElo "2576"]
[BlackElo "2713"]
[Result "1-0"]
[Round "11"]
[TimeControl "180+1"]
[Date "2022.11.16"]
[WhiteClock "0:00:07"]
[BlackClock "0:00:06"]

1. d4 Nf6 2. c4 e6 3. Nf3 d5 4. g3 Be7 5. Bg2 O-O 6. Qc2 Nc6 7. O-O a5 8. a3 a4 9. Rd1 dxc4 10. Qxc4 Bd7 11. Qc2 Na5 12. Nbd2 Qc8 13. Ne5 Rd8 14. e3 Be8 15. Rb1 Nd7 16. Nxd7 Qxd7 17. Ne4 Nb3 18. Bd2 Rac8 19. Bb4 Bxb4 20. axb4 Qe7 21. Qc3 b6 22. h4 h6 23. Bf1 f5 24. Nd2 Nxd2 25. Rxd2 c5 26. bxc5 bxc5 27. Qa3 Kf8 28. Bc4 cxd4 29. Bxe6 dxe3 30. Rxd8 exf2+ 31. Kxf2 Rxd8 32. Bxf5 Rb8 33. Qf3 Qf6 34. Bc2 Qxf3+ 35. Kxf3 Rb4 36. Ra1 Bc6+ 37. Ke3 Rg4 38. Kf2 Rc4 39. Bd1 Rb4 40. Ke3 Ke7 41. Kd3 Bb5+ 42. Kc3 Rc4+ 43. Kd2 Rd4+ 44. Kc3 Rc4+ 45. Kd2 Rd4+ 46. Kc3 Rd3+ 47. Kb4 Bd7 48. g4 Rd4+ 49. Kc5 Rf4 50. Ra3 Bxg4 51. Bxa4 Be6 52. Kb6 Rxh4 53. Kc5 Kf6 54. b4 Rc4+ 55. Kb5 Rf4 56. Rc3 g5 57. Ka5 g4 58. Bc6 h5 59. b5 Rf1 60. b6 Ra1+ 61. Ba4 Bd7 62. Rc4 Be6 63. b7 Bxc4 64. b8=Q Re1 65. Qf4+ Kg6 66. Qxc4 Re5+ 67. Kb6 Kf5 68. Qd3+ Kf4 69. Bc6 Rf5 70. Qd4+ Kg5 71. Qg7+ Kf4 72. Bd7 Rg5 73. Qf6+ Kg3 74. Qxg5 h4 75. Qxg4+ Kf2 76. Qxh4+ 1-0


[Site "https://www.chess.com"]

[Event "Titled Tuesday Blitz November 15 Early 2022"]
[White "Seifert, Henryk"]
[Black "Kopacz, Grzegorz"]
[WhiteFideId "1100963"]
[BlackFideId "1109880"]
[WhiteElo "2120"]
[BlackElo "2037"]
[Result "0-1"]
[Round "11"]
[TimeControl "180+1"]
[Date "2022.11.16"]
[WhiteClock "0:00:10"]
[BlackClock "0:01:54"]

1. e4 c5 2. Nf3 g6 3. c3 Bg7 4. d4 cxd4 5. cxd4 d5 6. e5 Nc6 7. h3 e6 8. Nc3 Nge7 9. Bd3 O-O 10. O-O a6 11. a3 b5 12. b4 Qb6 13. Be3 Bb7 14. Rc1 Rfc8 15. Qd2 Na7 16. g4 a5 17. Bh6 axb4 18. axb4 Nac6 19. Bxg7 Kxg7 20. Ne2 Ra4 21. Rb1 Qa7 22. Qg5 h6 23. Qf6+ Kg8 24. Nf4 Nxd4 25. Nxd4 Qxd4 26. Qxe7 Qxf4 27. Qxb7 Rc3 28. Qxb5 Raa3 29. Be2 Rxh3 30. Qe8+ Kg7 31. Qe7 Qh2# 0-1


[Site "https://www.chess.com"]

[Event "Titled Tuesday Blitz November 15 Early 2022"]
[White "Shapiro, Daniel"]
[Black "Petrovic, Aleksa"]
[WhiteFideId "2001780"]
[BlackFideId "967629"]
[WhiteElo "2323"]
[BlackElo "2224"]
[Result "0-1"]
[Round "11"]
[TimeControl "180+1"]
[Date "2022.11.16"]
[WhiteClock "0:00:02"]
[BlackClock "0:00:13"]

1. d4 Nf6 2. c4 e6 3. g3 d5 4. Nf3 Bb4+ 5. Bd2 Be7 6. Qc2 O-O 7. Bg2 c6 8. O-O b5 9. b3 Nbd7 10. Bc3 Nb6 11. Nbd2 Ba6 12. Ne5 Rc8 13. c5 Nbd7 14. Ndf3 Nxe5 15. Nxe5 Nd7 16. Nd3 Qc7 17. a4 Rce8 18. f4 f5 19. Nb4 Bc8 20. axb5 cxb5 21. Nd3 Nb8 22. b4 Nc6 23. Ra3 Bf6 24. e3 g5 25. Rfa1 g4 26. Bf1 h5 27. Ne5 a6 28. Be1 Nxe5 29. dxe5 Bd8 30. Bc3 Qc6 31. Bd4 Kf7 32. Bg2 h4 33. Kf2 Rh8 34. Rh1 Rh5 35. Raa1 Reh8 36. Qa2 Ke7 37. Rag1 Kd7 38. Ke2 Kc7 39. Kd3 Qe8 40. Qf2 Kc6 41. Qe1 R8h6 42. Qd1 Qh8 43. Qe1 Qh7 44. Qd1 a5 45. bxa5 Ba6 46. Qe1 b4+ 47. Kc2 Bxa5 48. Qa1 Qc7 49. Qa4+ Bb5 50. Qa2 hxg3 51. hxg3 Rh2 52. Rxh2 Rxh2 53. Kb1 Qb7 54. Rh1 Rxh1+ 55. Bxh1 Bd3+ 56. Kc1 Qb5 57. Bg2 b3 58. Qb2 Qc4+ 59. Kd1 Bc2+ 60. Kc1 Qd3 0-1


[Site "https://www.chess.com"]

[Event "Titled Tuesday Blitz November 15 Early 2022"]
[White "Sharifov, Mekhriddin"]
[Black "Tristan, Leonardo"]
[WhiteFideId "14701545"]
[BlackFideId "113816"]
[WhiteElo "2109"]
[BlackElo "2461"]
[Result "1-0"]
[Round "11"]
[TimeControl "180+1"]
[Date "2022.11.15"]
[WhiteClock "0:00:13"]
[BlackClock "0:00:32"]

1. e4 d5 2. exd5 Qxd5 3. Nc3 Qa5 4. d4 Nf6 5. Nf3 Bf5 6. Bc4 e6 7. Bd2 Bb4 8. a3 Bxc3 9. Bxc3 Qb6 10. O-O O-O 11. h3 Nc6 12. Qe2 Rad8 13. Rad1 Rfe8 14. Nh4 Be4 15. Rfe1 Nxd4 16. Bxd4 Rxd4 17. c3 Rxd1 18. Rxd1 h6 19. b4 a6 20. a4 c6 21. Nf3 Rd8 22. a5 Qc7 23. Nd4 Bg6 24. Nb3 Ne4 25. Rc1 Qf4 26. Qe3 Qxe3 27. fxe3 Kf8 28. Nd4 Ke7 29. Bxa6 Rxd4 30. cxd4 bxa6 31. Rxc6 Kd7 32. Rxa6 Kc7 33. Ra7+ Kc6 34. Ra8 Nd6 35. Kf2 Be4 36. g3 Bd5 37. Ke2 Kb5 38. Rb8+ Kc4 39. a6 Nf5 40. a7 Nxg3+ 41. Ke1 Kd3 42. Rd8 Be4 43. b5 Kxe3 44. d5 Nf5 45. a8=Q Nd4 46. Qa3+ Bd3 47. Kd1 e5 48. Qc1+ Ke4 49. Re8 f6 50. d6 Be2+ 51. Ke1 Bxb5 52. Rb8 Bc6 53. Rb4 Kd5 54. Rxd4+ exd4 55. Qf4 Bd7 56. Qg3 g5 57. Qf2 f5 58. Qd2 f4 59. Kf2 Bxh3 60. Qa2+ Kxd6 61. Qa6+ Ke5 62. Qxh6 g4 63. Qg5+ Ke4 64. Qg6+ Ke5 65. Qg7+ Ke4 66. Qe7+ Kf5 67. Qd7+ Ke4 68. Qe6+ Kd3 69. Qf5+ Kc3 70. Qxf4 d3 71. Ke1 Bg2 72. Qd2+ Kc4 73. Qxg2 Kc3 74. Qxg4 Kc2 75. Qg2+ Kc1 76. Qd2+ Kb1 77. Kf2 Ka1 78. Ke3 Kb1 79. Kd4 Ka1 80. Kc3 1-0


[Site "https://www.chess.com"]

[Event "Titled Tuesday Blitz November 15 Early 2022"]
[White "Shimanov, Aleksandr"]
[Black "Pajeken, Jakob Leon"]
[WhiteFideId "4198603"]
[BlackFideId "12942839"]
[WhiteElo "2605"]
[BlackElo "2429"]
[Result "1/2-1/2"]
[Round "11"]
[TimeControl "180+1"]
[Date "2022.11.15"]
[WhiteClock "0:00:04"]
[BlackClock "0:00:05"]

1. e4 e5 2. Nf3 Nc6 3. Nc3 Nf6 4. h3 g6 5. Bc4 Bg7 6. d3 O-O 7. Bg5 h6 8. Be3 d6 9. Qd2 Kh7 10. O-O Be6 11. Bxe6 fxe6 12. d4 exd4 13. Nxd4 Nxd4 14. Bxd4 Qe7 15. Rad1 Nd7 16. a4 a6 17. Kh1 Qg5 18. Qxg5 hxg5 19. f3 Bxd4 20. Rxd4 Ne5 21. Kg1 Rf7 22. Rfd1 Raf8 23. Ne2 Kh6 24. Ng3 a5 25. Nf1 Kh5 26. Ne3 Kh4 27. Kf2 b6 28. c3 Rf6 29. Ng4 Nxf3 30. gxf3 Rxf3+ 31. Ke2 Rxh3 32. e5 c5 33. Nf2+ cxd4 34. Rxd4+ g4 35. Rxg4+ Kh5 36. Rg2 Rhf3 37. exd6 R3f5 38. Ne4 Re5 39. Ke3 Rf1 40. d7 Rd1 41. Kf3 Rf5+ 42. Ke2 Rxd7 43. Ng3+ Kg5 44. Ne4+ Kf4 45. Nf2 Ke5 46. Rxg6 Rh7 47. Nd3+ Kd5 48. Rg2 Rh3 49. Kd2 Rff3 50. Nc1 Rhg3 51. Re2 Rg1 52. Kc2 e5 53. Nb3 e4 54. Nd2 Rf4 55. Rh2 Rgg4 56. Rh5+ Kc6 57. Nc4 Rf2+ 58. Kb3 Rgg2 59. Re5 Re2 60. Re6+ Kd5 61. Re5+ Kc6 62. Re6+ Kd5 63. Re5+ Kc6 1/2-1/2


[Site "https://www.chess.com"]

[Event "Titled Tuesday Blitz November 15 Early 2022"]
[White "Shipov, Sergei"]
[Black "Grandelius, Nils"]
[WhiteFideId "4113624"]
[BlackFideId "1710400"]
[WhiteElo "2789"]
[BlackElo "2617"]
[Result "1-0"]
[Round "11"]
[TimeControl "180+1"]
[Date "2022.11.15"]
[WhiteClock "0:01:54"]
[BlackClock "0:00:03"]

1. d4 Nf6 2. c4 e6 3. Nc3 Bb4 4. Qc2 d5 5. a3 Bxc3+ 6. Qxc3 b6 7. cxd5 Ne4 8. Qc2 exd5 9. e3 O-O 10. Bd3 Ba6 11. Bxa6 Nxa6 12. Ne2 c5 13. f3 Nf6 14. Bd2 Rc8 15. Qa4 Nc7 16. Qxa7 Ne6 17. O-O Ra8 18. Qb7 Qd6 19. Nc3 Rfb8 20. Nb5 Qd8 21. Qc6 Rc8 22. Qb7 Rab8 23. Qa6 Qd7 24. Nc3 cxd4 25. exd4 Nxd4 26. Bf4 Ra8 27. Qxb6 Ne6 28. Be5 Ne8 29. Rad1 f6 30. Rxd5 Qf7 31. Bg3 h6 32. Rfd1 Ng5 33. h4 Nh7 34. Rd7 Qg6 35. Qe6+ Kh8 36. Kh2 Nf8 37. Qf7 Qf5 38. Re7 Ng6 39. Re4 Rd8 40. Rxd8 Rxd8 41. Rxe8+ Rxe8 42. Qxe8+ 1-0


[Site "https://www.chess.com"]

[Event "Titled Tuesday Blitz November 15 Early 2022"]
[White "Shuvalov, Evgenij"]
[Black "Sarkar, Justin"]
[WhiteFideId "4187237"]
[BlackFideId "2010011"]
[WhiteElo "2049"]
[BlackElo "2239"]
[Result "1-0"]
[Round "11"]
[TimeControl "180+1"]
[Date "2022.11.16"]
[WhiteClock "0:00:47"]
[BlackClock "0:00:02"]

1. d4 Nf6 2. c4 e6 3. Nf3 d5 4. cxd5 exd5 5. Nc3 Ne4 6. e3 Bb4 7. Qc2 O-O 8. Bd3 Bf5 9. O-O Bxc3 10. bxc3 Nc6 11. Rb1 Na5 12. Nd2 Nxd2 13. Qxd2 Nc4 14. Qe2 Bxd3 15. Qxd3 b6 16. e4 c6 17. Bf4 Qf6 18. Bg3 Qg6 19. Rbe1 Rae8 20. f3 b5 21. Re2 a5 22. Rfe1 a4 23. Qb1 dxe4 24. fxe4 h5 25. Rf2 f5 26. exf5 Rxe1+ 27. Qxe1 Rxf5 28. Rxf5 Qxf5 29. h3 Qc2 30. Qe8+ Kh7 31. Qxh5+ Kg8 32. Qe8+ Kh7 33. Qxc6 Qxc3 34. Qe4+ Kg8 35. Be5 Qa1+ 36. Kh2 Qxa2 37. Qd5+ Kh7 38. Qf7 1-0


[Site "https://www.chess.com"]

[Event "Titled Tuesday Blitz November 15 Early 2022"]
[White "Simonovic, Miroslav"]
[Black "Ardila, Oscar Humberto"]
[WhiteFideId "919152"]
[BlackFideId "4404742"]
[WhiteElo "2043"]
[BlackElo "1959"]
[Result "0-1"]
[Round "11"]
[TimeControl "180+1"]
[Date "2022.11.16"]
[WhiteClock "0:01:39"]
[BlackClock "0:00:39"]

1. d4 Nf6 2. Bg5 e6 3. e4 Be7 4. Bxf6 Bxf6 5. e5 Be7 6. Qg4 g6 7. Bd3 c5 8. dxc5 Bxc5 9. f4 Nc6 10. Nf3 Qb6 11. Nbd2 Qxb2 12. Rb1 Qc3 13. Rb3 Qa5 14. h4 Nd4 15. Nxd4 Bxd4 16. h5 Be3 17. hxg6 Qxd2+ 0-1


[Site "https://www.chess.com"]

[Event "Titled Tuesday Blitz November 15 Early 2022"]
[White "Sreyas Payyappat"]
[Black "Oro, Faustino"]
[WhiteFideId "46674969"]
[BlackFideId "20000197"]
[WhiteElo "2083"]
[BlackElo "2066"]
[Result "1-0"]
[Round "11"]
[TimeControl "180+1"]
[Date "2022.11.16"]
[WhiteClock "0:00:07"]
[BlackClock "0:00:01"]

1. e4 c5 2. Nf3 d6 3. d4 cxd4 4. Nxd4 Nf6 5. Nc3 a6 6. f4 e5 7. Nf3 exf4 8. Bxf4 Nc6 9. Qd2 b5 10. O-O-O Bb7 11. a3 Qa5 12. e5 dxe5 13. Nxe5 Be7 14. Nd7 O-O-O 15. Nd5 Qxd2+ 16. Rxd2 Nxd5 17. Rxd5 Rxd7 18. Rxd7 Kxd7 19. Be2 Rd8 20. Bf3 Kc8 21. Re1 Bf6 22. Bg4+ Rd7 23. Rd1 Nd4 24. Bxd7+ Kxd7 25. c3 Bxg2 26. cxd4 Bf3 27. Rf1 Be2 28. Rf2 Bc4 29. Be5 Bg5+ 30. Kc2 f6 31. b3 Bd5 32. Bf4 Bh4 33. Bg3 Bg5 34. Bf4 Bh4 35. Rf1 Ke6 36. Kd3 Bxb3 37. Rc1 Bc4+ 38. Ke4 f5+ 39. Ke3 Bf6 40. Rg1 g6 41. Bg5 Bg7 42. Re1 Kd5 43. Rd1 Bb3 44. Rd2 h6 45. Bf4 g5 46. Be5 f4+ 47. Kf3 Bf8 48. Kg4 Bxa3 49. Rd3 Kc4 50. Rh3 b4 51. Rxh6 Bd1+ 52. Kxg5 b3 53. Rc6+ Kb5 54. Rc8 Bb4 55. Rb8+ Ka4 56. d5 b2 57. Bxb2 f3 58. Bd4 Be1 59. Kf6 f2 60. Bxf2 Bxf2 61. d6 Bg4 62. Rg8 Bh3 63. Rh8 Bg4 64. Ke7 Bc5 65. Rg8 Bh3 66. Rg5 Bb4 67. Rh5 Bg4 68. Rh4 Bf5 69. Kd8 Kb5 70. d7 Ba5+ 71. Ke7 Bb4+ 72. Rxb4+ Kxb4 73. d8=Q Kb5 74. h4 1-0


[Site "https://www.chess.com"]

[Event "Titled Tuesday Blitz November 15 Early 2022"]
[White "Stankovic, Ivan G"]
[Black "Janaszak, Dawid"]
[WhiteFideId "902837"]
[BlackFideId "1119206"]
[WhiteElo "2226"]
[BlackElo "2226"]
[Result "1/2-1/2"]
[Round "11"]
[TimeControl "180+1"]
[Date "2022.11.16"]
[WhiteClock "0:00:09"]
[BlackClock "0:00:12"]

1. e4 e5 2. d4 exd4 3. Qxd4 Nc6 4. Qe3 Nf6 5. Nc3 Bb4 6. Bd2 O-O 7. O-O-O d6 8. Qg3 Re8 9. f3 Ne5 10. h4 c5 11. h5 Qa5 12. Nge2 Kh8 13. h6 g6 14. Bg5 Ng8 15. Kb1 Be6 16. Nd5 Bxd5 17. Rxd5 f6 18. Bc1 Qc7 19. Nf4 c4 20. Rd1 c3 21. Nd5 Qa5 22. b3 Ba3 23. Bxa3 Qxa3 24. Nxc3 Rac8 25. Nb5 Qc5 26. c4 a6 27. Rd5 axb5 28. Rxc5 Rxc5 29. f4 Nf7 30. cxb5 Rxe4 31. Bd3 Re7 32. Bxg6 Nfxh6 33. Bd3 Rg7 34. Qe3 Rc8 35. Qe6 Rcc7 36. Bc4 Rge7 37. Qxd6 Red7 38. Qa3 Rd2 39. Qf8 Rg7 40. Rxh6 Rgxg2 41. Rh1 Rb2+ 42. Kc1 Rxa2 43. Kb1 Rab2+ 44. Kc1 Ra2 45. Kb1 Rab2+ 46. Kc1 Ra2 1/2-1/2


[Site "https://www.chess.com"]

[Event "Titled Tuesday Blitz November 15 Early 2022"]
[White "Stijve, Theo"]
[Black "Tasev, Dejan"]
[WhiteFideId "1331132"]
[BlackFideId "936618"]
[WhiteElo "2256"]
[BlackElo "2256"]
[Result "1/2-1/2"]
[Round "11"]
[TimeControl "180+1"]
[Date "2022.11.16"]
[WhiteClock "0:00:13"]
[BlackClock "0:00:16"]

1. e4 c6 2. Nf3 d5 3. Nc3 Bg4 4. h3 Bxf3 5. gxf3 e6 6. d4 Nf6 7. h4 h5 8. Bg5 Be7 9. Qd2 g6 10. O-O-O Nbd7 11. Bh3 Qa5 12. e5 Ng8 13. Kb1 Bxg5 14. hxg5 Ne7 15. Ne4 Qxd2 16. Nd6+ Kf8 17. Rxd2 b6 18. c4 dxc4 19. Nxc4 Nd5 20. Nd6 Ke7 21. Rc1 c5 22. Bg2 Nf4 23. Bf1 h4 24. dxc5 bxc5 25. Bb5 Nxe5 26. Rxc5 h3 27. Rxe5 h2 28. Re1 h1=Q 29. Rxh1 Rxh1+ 30. Kc2 Rd8 31. Ne4 Rxd2+ 32. Kxd2 Rb1 33. Kc2 Rh1 34. a4 Rh3 35. Nd2 Rh8 36. Ne4 Rc8+ 37. Kd2 Nd5 38. b3 f5 39. gxf6+ Nxf6 40. Ng5 Nd5 41. Bc4 Kf6 42. Ne4+ Ke5 43. Ng5 a5 44. Nf7+ Kf6 45. Nd6 Rd8 46. Ne4+ Ke5 47. Kc2 Nb4+ 48. Kc3 Kf4 49. Nc5 Kxf3 50. Nxe6 Rd6 51. Nd4+ Kxf2 52. Nb5 Rf6 53. Na7 g5 54. Nc8 g4 55. Ne7 g3 56. Nd5 Nxd5+ 57. Bxd5 g2 58. Bxg2 Kxg2 59. b4 axb4+ 60. Kxb4 Kf3 61. Kb5 Ke4 62. a5 Kd5 63. a6 Rf1 64. a7 Rb1+ 65. Ka6 Kd6 66. a8=Q Ra1+ 67. Kb7 Rxa8 68. Kxa8 1/2-1/2


[Site "https://www.chess.com"]

[Event "Titled Tuesday Blitz November 15 Early 2022"]
[White "Storey, Charles H"]
[Black "Makridis, Dimitrios"]
[WhiteFideId "406686"]
[BlackFideId "25864475"]
[WhiteElo "2252"]
[BlackElo "2272"]
[Result "0-1"]
[Round "11"]
[TimeControl "180+1"]
[Date "2022.11.16"]
[WhiteClock "0:00:05"]
[BlackClock "0:01:25"]

1. c4 e6 2. g3 h5 3. Bg2 h4 4. Nc3 Nf6 5. e4 d6 6. gxh4 e5 7. d3 Rxh4 8. Nf3 Rh8 9. d4 exd4 10. Nxd4 g6 11. Bg5 Bg7 12. Qf3 Nbd7 13. Nd5 c6 14. Nxf6+ Nxf6 15. O-O-O Bg4 16. Bxf6 Bxf3 17. Bxd8 Bxd1 18. Rxd1 Rxd8 19. Nf3 Ke7 20. h3 Rh5 21. b3 b5 22. cxb5 Rxb5 23. Kd2 a5 24. Bf1 Rb4 25. Ke3 d5 26. exd5 Rxd5 27. Rc1 Bh6+ 0-1


[Site "https://www.chess.com"]

[Event "Titled Tuesday Blitz November 15 Early 2022"]
[White "Svane, Frederik"]
[Black "Sarana, Alexey"]
[WhiteFideId "12923044"]
[BlackFideId "24133795"]
[WhiteElo "2466"]
[BlackElo "2708"]
[Result "0-1"]
[Round "11"]
[TimeControl "180+1"]
[Date "2022.11.15"]
[WhiteClock "0:00:06"]
[BlackClock "0:00:38"]

1. e4 c5 2. Nf3 d6 3. Bb5+ Bd7 4. c4 Nc6 5. Nc3 e5 6. d3 Nge7 7. h4 f5 8. h5 f4 9. a3 a6 10. Bxc6 Nxc6 11. Nd5 Be7 12. b4 O-O 13. Bb2 b6 14. Bc3 Rf7 15. Qe2 Bf8 16. Rb1 Bg4 17. Qc2 h6 18. Ke2 Ne7 19. Nxe7+ Bxe7 20. bxc5 bxc5 21. Rb7 Qe8 22. Qb3 Bf6 23. Rb6 Be7 24. Rb7 Bf8 25. Kd2 Rf6 26. Qb6 Bxh5 27. Nh4 Bg4 28. f3 Be6 29. Ra7 Rxa7 30. Qxa7 Qh5 31. Qxa6 g5 32. Qc6 gxh4 33. a4 Qg5 34. Re1 Qxg2+ 35. Re2 h3 36. a5 Qxe2+ 37. Kxe2 h2 38. a6 h1=Q 39. Be1 Rg6 40. a7 Rg1 41. Bf2 Ra1 0-1


[Site "https://www.chess.com"]

[Event "Titled Tuesday Blitz November 15 Early 2022"]
[White "Taboas Rodriguez, Daniel"]
[Black "Atakhan, Abtin"]
[WhiteFideId "2208466"]
[BlackFideId "22502203"]
[WhiteElo "2329"]
[BlackElo "2298"]
[Result "1-0"]
[Round "11"]
[TimeControl "180+1"]
[Date "2022.11.16"]
[WhiteClock "0:00:34"]
[BlackClock "0:00:02"]

1. d4 Nf6 2. Nf3 g6 3. c4 Bg7 4. Nc3 O-O 5. e4 d6 6. Be2 e5 7. dxe5 dxe5 8. Qxd8 Rxd8 9. Bg5 Re8 10. Nd5 Nxd5 11. cxd5 c6 12. Bc4 cxd5 13. Bxd5 Nd7 14. Nd2 Nb6 15. Bb3 Bd7 16. Rc1 Bc6 17. f3 Bf8 18. Nc4 Nxc4 19. Rxc4 Kg7 20. Kf2 a5 21. Rd1 a4 22. Bc2 f6 23. Be3 Ra5 24. Rd2 Kf7 25. b3 axb3 26. Bxb3 Kg7 27. Bb6 Ra6 28. Bc5 Bxc5+ 29. Rxc5 Rea8 30. Ke3 Kf8 31. Rd6 Kg7 32. g3 Ra3 33. f4 R8a5 34. Rxa5 Rxa5 35. f5 gxf5 36. exf5 Ra8 37. g4 h6 38. h4 Ra5 39. Re6 Rc5 40. Re7+ Kh8 41. Rf7 Rc3+ 42. Kf2 Rf3+ 43. Ke2 Rh3 44. Rxf6 Rxh4 45. Rf8+ Kg7 46. Rg8+ Kf6 47. Rg6+ Ke7 48. f6+ Kd7 49. f7 Ke7 50. Rg8 Rh2+ 51. Ke1 Rh1+ 52. Kf2 Rh2+ 53. Kg1 Rg2+ 54. Kf1 1-0


[Site "https://www.chess.com"]

[Event "Titled Tuesday Blitz November 15 Early 2022"]
[White "Tanenbaum, Zachary"]
[Black "Vokhidov, Shamsiddin"]
[WhiteFideId "2060850"]
[BlackFideId "14204223"]
[WhiteElo "2175"]
[BlackElo "2619"]
[Result "0-1"]
[Round "11"]
[TimeControl "180+1"]
[Date "2022.11.15"]
[WhiteClock "0:00:50"]
[BlackClock "0:02:09"]

1. e4 c5 2. Nf3 d6 3. d4 cxd4 4. Nxd4 Nf6 5. Nc3 Nc6 6. Bg5 Bd7 7. Bxf6 gxf6 8. Qd2 Nxd4 9. Qxd4 Qa5 10. O-O-O Rc8 11. Kb1 Bg7 12. f4 Qc5 13. Qd2 f5 14. e5 O-O 15. Nd5 dxe5 16. Nxe7+ Qxe7 17. fxe5 Qxe5 18. c3 Bc6 19. Bd3 Rcd8 20. Rhe1 Rxd3 21. Qxd3 Be4 22. Ka1 Bxd3 23. Rxe5 Bxe5 24. Rxd3 Bxh2 25. Rd7 Rb8 26. a4 Kg7 27. b4 Kf6 28. Kb2 Ke6 29. Rd3 Be5 30. Kb3 Rg8 31. Rh3 Rg3 32. Rh6+ Kd5 33. a5 Rxc3+ 34. Ka4 Rc2 35. a6 bxa6 36. Kb3 Rb2+ 37. Ka3 Rxg2 38. Rxa6 Bd4 0-1


[Site "https://www.chess.com"]

[Event "Titled Tuesday Blitz November 15 Early 2022"]
[White "Tarasova, Viktoriya"]
[Black "Tuleyeva-Aketayeva, Dana"]
[WhiteFideId "4175840"]
[BlackFideId "13701932"]
[WhiteElo "2182"]
[BlackElo "2030"]
[Result "1-0"]
[Round "11"]
[TimeControl "180+1"]
[Date "2022.11.16"]
[WhiteClock "0:00:34"]
[BlackClock "0:00:03"]

1. d4 Nf6 2. c4 e6 3. Nc3 c5 4. d5 exd5 5. cxd5 d6 6. Nf3 g6 7. Bf4 Bg7 8. h3 O-O 9. e3 a6 10. a4 Nh5 11. Bh2 Qa5 12. Qd2 Rd8 13. Be2 b5 14. O-O b4 15. Ne4 Qc7 16. Rac1 Qb6 17. a5 Qxa5 18. Nxd6 Nd7 19. Nc4 Qa2 20. Bc7 Rf8 21. Ra1 Qb3 22. Rfc1 Ra7 23. Bd6 Bxb2 24. Nxb2 Re8 25. Bc4 Qc3 26. Rxc3 bxc3 27. Qxc3 Nb6 28. Be5 1-0


[Site "https://www.chess.com"]

[Event "Titled Tuesday Blitz November 15 Early 2022"]
[White "Ter-Sahakyan, Samvel"]
[Black "Dubov, Daniil"]
[WhiteFideId "13302531"]
[BlackFideId "24126055"]
[WhiteElo "2584"]
[BlackElo "2791"]
[Result "0-1"]
[Round "11"]
[TimeControl "180+1"]
[Date "2022.11.15"]
[WhiteClock "0:00:04"]
[BlackClock "0:00:29"]

1. d4 d6 2. e4 e5 3. Nf3 exd4 4. Nxd4 Nf6 5. Nc3 Be7 6. Bf4 O-O 7. Qd2 Nc6 8. O-O-O Nxd4 9. Qxd4 Be6 10. f3 a6 11. g4 b5 12. Kb1 c5 13. Qd2 b4 14. Nd5 Nxd5 15. exd5 Bd7 16. h4 a5 17. Bd3 a4 18. g5 Re8 19. Rde1 Bf8 20. h5 Rxe1+ 21. Rxe1 Qc7 22. b3 Re8 23. Rxe8 Bxe8 24. Qe2 Qd8 25. Bd2 Bd7 26. f4 Qc8 27. bxa4 Bxa4 28. Qe4 g6 29. h6 Bd7 30. c3 Bf5 31. Qf3 c4 32. Bxf5 Qxf5+ 33. Kb2 b3 34. axb3 cxb3 35. Kxb3 Qb1+ 36. Kc4 Be7 37. Qe3 Qa2+ 38. Kb4 Kf8 39. Qb6 Qb2+ 40. Ka5 Qa2+ 41. Kb4 f6 42. gxf6 Bxf6 43. Qe3 Qxd5 44. Ka3 Kf7 45. Kb2 Qb5+ 46. Kc2 Qa4+ 47. Kc1 d5 48. Qd3 Qa1+ 49. Kc2 Qa4+ 50. Kb2 Qc4 51. Qxc4 dxc4 52. Ka3 Ke6 53. Kb4 Kd5 54. Kb5 Be7 55. Be1 Bf8 56. f5 gxf5 57. Bd2 Bd6 0-1


[Site "https://www.chess.com"]

[Event "Titled Tuesday Blitz November 15 Early 2022"]
[White "Terry, Renato"]
[Black "Xiong, Jeffery"]
[WhiteFideId "3803457"]
[BlackFideId "2047640"]
[WhiteElo "2577"]
[BlackElo "2725"]
[Result "1-0"]
[Round "11"]
[TimeControl "180+1"]
[Date "2022.11.15"]
[WhiteClock "0:00:03"]
[BlackClock "0:00:01"]

1. Nf3 Nf6 2. b3 b5 3. Bb2 Bb7 4. g3 Bxf3 5. exf3 a6 6. f4 e6 7. a4 b4 8. Bg2 c6 9. O-O Be7 10. d3 O-O 11. Nd2 d5 12. Re1 a5 13. Nf3 Nfd7 14. Bh3 Bf6 15. Ne5 Qc7 16. Rb1 Nxe5 17. fxe5 Be7 18. f4 g6 19. g4 Nd7 20. Qe2 Rae8 21. Kh1 f5 22. Rg1 Kh8 23. gxf5 exf5 24. Rg2 Nc5 25. Rbg1 Ne6 26. Rxg6 hxg6 27. Rxg6 Nxf4 28. e6+ Bf6 29. Rxf6 Rxf6 30. Bxf6+ Kg8 31. Qf3 Rxe6 32. Qg3+ Kf8 33. Bg5 Re1+ 34. Qxe1 Nxh3 35. Be3 Qe7 36. Qg3 f4 37. Bxf4 Nxf4 38. Qxf4+ Ke8 39. Qb8+ Kf7 40. Qf4+ Ke8 41. Kg2 Qe2+ 42. Qf2 Qg4+ 43. Kf1 Kd7 44. Ke1 Kc8 45. Qg3 Qd4 46. Qf2 Qa1+ 47. Ke2 Qe5+ 48. Kf1 Qa1+ 49. Kg2 Qg7+ 50. Qg3 Qb2 51. Qf2 Qg7+ 52. Kf3 Kb7 53. Ke2 Qb2 54. Kd2 Qc3+ 55. Ke3 Qe5+ 56. Kf3 Qf6+ 57. Kg2 Qg7+ 58. Kh3 Qh8+ 59. Qh4 Qc3 60. Qe7+ Kb6 61. Qe3+ Kb7 62. Qe2 Qh8+ 63. Kg3 Qg7+ 64. Qg4 Qc3 65. Qe2 Qg7+ 66. Kf2 Qf6+ 67. Ke1 Qc3+ 68. Qd2 Qa1+ 69. Kf2 Qf6+ 70. Kg3 Qg7+ 71. Kh4 Qh8+ 72. Kg4 Qg7+ 73. Qg5 Qd4+ 74. Qf4 Qg7+ 75. Kf3 Qb2 76. Qd2 Qf6+ 77. Kg4 Qg7+ 78. Kh5 Qh8+ 79. Qh6 Qe5+ 80. Kg6 Qe2 81. h4 Qxc2 82. Qg7+ Kb6 83. Qd4+ Kb7 84. h5 Qg2+ 85. Kh7 Qf3 86. h6 Ka6 87. Kg7 Qg3+ 88. Kh8 Qb8+ 89. Kh7 Qg3 90. Qc5 Qxd3+ 91. Kg7 Qg3+ 92. Kh8 Qb8+ 93. Kg7 Qc7+ 94. Kg6 Qg3+ 95. Kh7 Kb7 96. Qe7+ Kb6 97. Qd8+ Kb7 98. Qe7+ Ka6 99. Kh8 Qb8+ 100. Kg7 Qg3+ 101. Kf7 Qf4+ 102. Qf6 Qc7+ 103. Kg6 Qg3+ 104. Kh5 Qh3+ 105. Kg6 Qg4+ 106. Kf7 Qd7+ 107. Kg8 Qg4+ 108. Kf8 Qc8+ 109. Ke7 Qc7+ 110. Ke6 Qh7 111. Kd6 Kb6 112. Qd8+ Ka6 113. Qa8+ Kb6 114. Qxc6+ 1-0


[Site "https://www.chess.com"]

[Event "Titled Tuesday Blitz November 15 Early 2022"]
[White "Thiel, Thomas"]
[Black "Avila Rodriguez, Joshua Ad"]
[WhiteFideId "4615964"]
[BlackFideId "5126444"]
[WhiteElo "2235"]
[BlackElo "2125"]
[Result "0-1"]
[Round "11"]
[TimeControl "180+1"]
[Date "2022.11.16"]
[WhiteClock "0:00:38"]
[BlackClock "0:00:46"]

1. e4 c5 2. Nc3 d6 3. f4 g6 4. Nf3 Bg7 5. Bc4 Nc6 6. O-O e6 7. f5 exf5 8. Qe1 Nge7 9. d3 h6 10. Qg3 Be6 11. Bxe6 fxe6 12. Nb5 Ne5 13. Nxe5 Bxe5 14. Bf4 Bxf4 15. Rxf4 Qd7 16. exf5 exf5 17. c4 a6 18. Nc3 O-O-O 19. d4 g5 20. Rff1 cxd4 21. Nd5 Nxd5 22. cxd5 Qb5 23. Rxf5 Qxb2 24. Rff1 Kb8 25. Qd3 Rhf8 26. Rfb1 Qf2+ 27. Kh1 Rde8 28. h3 Re2 29. Rg1 g4 30. Qg6 gxh3 31. Qxd6+ Ka8 32. Qh2 hxg2+ 33. Rxg2 Qxg2+ 34. Qxg2 Rxg2 35. Kxg2 Rd8 0-1


[Site "https://www.chess.com"]